 Dungeon Sprint DCSS version 0.30.1-9-gdf580d7c3d (webtiles) character file.

Game seed: 12082293762356289034

20988 Heoruswealwe the Phalangite (level 12, -9/132 HPs)
             Began as a Minotaur Fighter on Oct 19, 2023.
             Was an Initiate of Gozag.
             Killed from afar by a frost giant (46 damage)
             ... with a bolt of cold
             ... in the Dungeon (Sprint IX: "|||||||||||||||||||||||||||||").
             The game lasted 00:23:19 (2400 turns).

Heoruswealwe the Phalangite (Minotaur Fighter)      Turns: 2400, Time: 00:23:19

Health: -9/132     AC: 27    Str: 30    XL:     12   Next: 50%
Magic:  11/11      EV:  9    Int:  8    God:    Gozag
Gold:   1507       SH:  5    Dex: 10    Spells: 11/11 levels left

rFire   . . .        b - +2 halberd of Uncomfortable Rashes {freeze, rN+ Str-2 Int+3}
rCold   . . .        (shield currently unavailable)
rNeg    + . .        c - +0 plate armour
rPois   +            g - +1 hat
rElec   +            h - +0 cloak
rCorr   .            f - +1 pair of gloves
SInv    .            e - +1 pair of boots {Stlth+}
Will    .....        i - amulet "Vocoiq" {Reflect rElec SH+5} Stlth
                     k - +6 ring of strength
HPRegen 0.42/turn    j - ring of poison resistance
MPRegen 0.12/turn

%: no teleportation, reflection
@: gold aura
A: horns 2, retaliatory headbutt
a: Renounce Religion, Potion Petition, Call Merchant, Bribe Branch


You were in the Dungeon.
You worshipped Gozag.
Gozag was most pleased with you.
You visited 1 branch You collected 8751 gold pieces.
You spent 4904 gold pieces at shops.
You paid 2340 gold pieces to Gozag.

Inventory:

Hand Weapons
 a - the +5 trident of the Lamprey {freeze, Will+}
   (You found it in the Dungeon)

   Will:      It increases your willpower.
 b - the +2 halberd of Uncomfortable Rashes (weapon) {freeze, rN+ Str-2 Int+3}
   (You found it in the Dungeon)

   Str:       It affects your strength (-2).
   Int:       It affects your intelligence (+3).
   rN:        It protects you from negative energy.
 m - a +0 glaive
Armour
 c - a +0 plate armour (worn)
 d - a +0 buckler
 e - a +1 pair of boots of stealth (worn)
 f - a +1 pair of gloves (worn)
 g - a +1 hat (worn)
 h - a +0 cloak (worn)
 w - the +3 salamander hide armour {Flames, rFlCloud rF++ rC--}
   (You bought it in a shop in the Dungeon)

   Flames:    It surrounds you with flame clouds and enhances your fire magic.
   rFlCloud:  It grants immunity to flame clouds.
   rF:        It greatly protects you from fire.
   rC:        It makes you very vulnerable to cold.
Jewellery
 i - the amulet "Vocoiq" (around neck) {Reflect rElec SH+5}
   (You bought it in a shop in the Dungeon)

   [amulet of reflection]

   It reflects blocked missile attacks.
   rElec:     It insulates you from electricity.
   SH:        It affects your SH (+5).
 j - a ring of poison resistance (right hand)
 k - a +6 ring of strength (left hand)
 B - a ring of protection from fire
Wands
 l - a wand of quicksilver (10)
Scrolls
 p - 2 scrolls of enchant armour
 q - 7 scrolls of enchant weapon
 x - a scroll of silence
 y - 2 scrolls of blinking
 C - a scroll of identify
Potions
 n - 2 potions of might
 o - a potion of mutation
 r - 9 potions of curing
 s - 2 potions of ambrosia
 z - a potion of resistance
 A - a potion of cancellation
Miscellaneous
 t - a phial of floods
 u - a piece from Xom's chessboard (15/15)


   Skills:
 + Level 19.7 Fighting
 * Level 26.4 Polearms
 + Level 19.7 Armour
 - Level 3.6 Shields


You had 11 spell levels left.
You didn't know any spells.
Your spell library was empty.

Dungeon Overview and Level Annotations

Branches:
Dungeon (1/1)

Altars:
Cheibriados
Dithmenos
Elyvilon
Fedhas
Gozag
Hepliaklqana
Kikubaaqudgha
Makhleb
Nemelex Xobeh
Okawaru
Qazlal
Ru
Sif Muna
Trog
Uskayaw
Vehumet
Wu Jian
Xom
Yredelemnul
Zin
The Shining One
Jiyva
Lugonu

Shops:
D ?==[*(*


Innate Abilities, Weirdness & Mutations

You have a pair of horns on your head.
You reflexively headbutt those who attack you in melee.


Message History

Press: ? - help, Dir - move target, f/p - stone giant
Aim: a stone giant, quivering large rocks (lightly wounded, about 8% to evade the +2 halberd of Uncomfortable Rashes)
You reach to attack!
You hit the stone giant but do no damage.
The stone giant is lightly wounded.
You puncture the stone giant! You freeze the stone giant.
You headbutt the stone giant.
The stone giant is moderately wounded.
You slice the stone giant!! You freeze the stone giant!
The stone giant is severely wounded.
The stone giant barely misses you.
You impale the stone giant!! You freeze the stone giant!
You kill the stone giant!
The fire giant is no longer distracted by gold.
Items here: $ ( ) [.
The fire giant casts a spell at you.
The fireball explodes!
The fireball engulfs you!!
* * * LOW HITPOINT WARNING * * *
The fireball engulfs the fire giant!
The fire giant resists.
You hit the fire giant. You freeze the fire giant.
Your headbutt misses the fire giant.
The fire giant is lightly wounded.
You skewer the fire giant like a kebab!!!
You freeze the fire giant! You headbutt the fire giant!
The fire giant is almost dead.
You block the fire giant's attack.
You hit the fire giant. You freeze the fire giant.
You headbutt the fire giant, but do no damage.
The fire giant is almost dead.
The fire giant gestures at you while chanting.
The fireball explodes!
The fireball engulfs you!!
* * * LOW HITPOINT WARNING * * *
The fireball engulfs the fire giant!
The fire giant resists.
You chop the fire giant into pieces!!! You freeze the fire giant.
You kill the fire giant!
You feel much better. The frost giant casts a spell at you.
The bolt of cold hits you!!!
You die...
Your body crumbles into a pile of gold.

▓!▓.▓.▓.▓?▓.▓'▓,*,*,*,*,*,*,*,
▓?▓.▓.▓.▓.▓.▓.▓,*,*,*,*,*,*,*,
▓)▓.▓.▓.▓.▓.▓$▓,*,*,*,*,*,*,*,
▓=▓.▓.▓)▓.▓.▓$▓,*+*,*,*,*,*,*,
▓[▓.▓.▓.▓∩▓.▓$▓,*,*,*,*,*,*,*,
▓.▓.▓.▓.▓.▓.▓.▓,*,*,*,*,*,*,*,
▓.▓.▓.▓.▓∩▓.▓$▓,*,*,*,*,*,*,*,
▓.▓.▓.▓.▓.▓.▓$▓,*,*,*,*,*,*,*+
▓.▓.▓(▓.▓∩▓.▓@▓,*,*,*,*,*,*,*,
▓)▓.▓)▓.▓.▓.▓$▓,*,*,*,*,*,*,*,
▓.▓.▓.▓.▓∩▓.▓C▓,*,*,*,*,*,*,*,
▓.▓.▓.▓.▓.▓.▓C▓,*,*,*,*,*,*,*,
▓.▓.▓'▓.▓∩▓.▓{▓,*,*,*,*,*,*,*,
▓.▓.▓.▓.▓.▓.▓.▓,*+*,*,*,*,*,*,
▓.▓.▓.▓.▓∩▓.▓.▓,*,*,*,*,*,*,*,
▓.▓.▓[▓.▓.▓.▓.▓,*,*,*,*,*+*,*,
▓)▓.▓[▓.▓'▓.▓+*,*,*,*+*,*,*,*,


You could see a frost giant and an ettin.

Vanquished Creatures
  2 fire giants (D)
  A stone giant (D)
  A dire elephant (D)
  An ogre mage (D)
  2 hydras (D)
  Erolcha (D)
  2 centaur warriors (D)
  2 orc high priests (D)
  A skyshark (D)
  6 orc knights (D)
  A manticore (D)
  An orc sorcerer (D)
  An ugly thing (D)
  A cyclops (D)
  7 elephants (D)
  2 cane toads (D)
  An efreet (D)
  A kobold demonologist (D)
  A freezing wraith (D)
  2 komodo dragons (D)
  A troll (D)
  A hornet (D)
  Eustachio (D)
  2 yaks (D)
  A wraith (D)
  2 basilisks (D)
  Grum (D)
  A steam dragon (D)
  5 water moccasins (D)
  11 orc warriors (D)
  A black bear (D)
  4 wolves (D)
  A kobold brigand (D)
  A bullfrog (D)
  A wight (D)
  A howler monkey (D)
  4 orc priests (D)
  A hound (D)
  2 iguanas (D)
  5 orc wizards (D)
  An ufetubus (D)
  10 orcs (D)
  2 hobgoblins (D)
  A kobold (D)
  A quokka (D)
  A frilled lizard (D)
  A giant cockroach simulacrum (D)
101 creatures vanquished.

Vanquished Creatures (others)
  An ugly thing (D)
  A quokka simulacrum (D)
2 creatures vanquished.

Grand Total: 103 creatures vanquished

Notes
Turn   | Place    | Note
-------+----------+-------------------------------------------
     0 | D        | Heoruswealwe the Minotaur Fighter began the quest for the
                  | Orb.
     0 | D        | Reached XP level 1. HP: 19/19 MP: 0/0
     9 | D        | Reached skill level 3 in Polearms
    24 | D        | Noticed an iguana
    24 | D        | Noticed an iguana
    24 | D        | Noticed a hound
    24 | D        | Noticed a black bear
    29 | D        | Killed an iguana
    30 | D        | Reached skill level 5 in Fighting
    30 | D        | Reached skill level 5 in Polearms
    30 | D        | Reached skill level 5 in Armour
    30 | D        | Reached XP level 2. HP: 22/29 MP: 1/1
    30 | D        | Reached XP level 3. HP: 28/36 MP: 2/2
    31 | D        | Reached skill level 6 in Polearms
    33 | D        | Reached skill level 7 in Polearms
    33 | D        | Reached XP level 4. HP: 31/44 MP: 3/3
    41 | D        | Killed a black bear
    42 | D        | Reached skill level 9 in Polearms
    42 | D        | Reached XP level 5. HP: 21/52 MP: 4/4
    48 | D        | Found a snail-covered altar of Cheibriados.
    48 | D        | Found a shadowy altar of Dithmenos.
    48 | D        | Found a white marble altar of Elyvilon.
    48 | D        | Found a blossoming altar of Fedhas.
    48 | D        | Found an opulent altar of Gozag.
    49 | D        | Found a hazy altar of Hepliaklqana.
    50 | D        | Found a viscous altar of Jiyva.
    51 | D        | Found an ancient bone altar of Kikubaaqudgha.
    52 | D        | Found a corrupted altar of Lugonu.
    53 | D        | Found a burning altar of Makhleb.
    54 | D        | Found a sparkling altar of Nemelex Xobeh.
    55 | D        | Found an iron altar of Okawaru.
    56 | D        | Became a worshipper of Gozag Ym Sagoz the Greedy
    57 | D        | Found a stormy altar of Qazlal.
    58 | D        | Found a sacrificial altar of Ru.
    59 | D        | Found a shimmering blue altar of Sif Muna.
    60 | D        | Found a bloodstained altar of Trog.
    61 | D        | Found a hide-covered altar of Uskayaw.
    62 | D        | Found a radiant altar of Vehumet.
    63 | D        | Found an ornate altar of the Wu Jian Council.
    64 | D        | Found a shimmering altar of Xom.
    65 | D        | Found a basalt altar of Yredelemnul.
    66 | D        | Found a glowing silver altar of Zin.
    67 | D        | Found a glowing golden altar of the Shining One.
    83 | D        | Got the +2 halberd of Uncomfortable Rashes {freeze, rN+
                  | Str-2 Int+3}
   154 | D        | Noticed a troll
   154 | D        | Noticed a hornet
   154 | D        | Noticed a steam dragon
   157 | D        | Reached skill level 10 in Polearms
   159 | D        | Killed a troll
   160 | D        | Reached skill level 12 in Polearms
   160 | D        | Reached XP level 6. HP: 38/64 MP: 5/5
   164 | D        | Reached XP level 7. HP: 43/71 MP: 6/6
   166 | D        | Reached skill level 13 in Polearms
   169 | D        | Killed a hornet
   170 | D        | Reached skill level 10 in Fighting
   170 | D        | Reached skill level 14 in Polearms
   170 | D        | Reached skill level 10 in Armour
   172 | D        | Killed a steam dragon
   253 | D        | Noticed a centaur warrior
   253 | D        | Noticed a basilisk
   253 | D        | Noticed a manticore
   253 | D        | Noticed a wraith
   253 | D        | Noticed a cyclops
   253 | D        | Noticed a kobold demonologist
   256 | D        | Killed a centaur warrior
   257 | D        | Reached skill level 15 in Polearms
   257 | D        | Reached XP level 8. HP: 66/83 MP: 7/7
   265 | D        | Reached skill level 16 in Polearms
   274 | D        | HP: 4/83 [manticore (3)]
   280 | D        | Killed a manticore
   281 | D        | Reached XP level 9. HP: 48/92 MP: 8/8
   285 | D        | Reached skill level 17 in Polearms
   289 | D        | Killed a cyclops
   290 | D        | Killed a kobold demonologist
   291 | D        | Reached skill level 18 in Polearms
   576 | D        | Noticed a komodo dragon
   578 | D        | Killed a komodo dragon
   610 | D        | Reached skill level 19 in Polearms
   614 | D        | Reached XP level 10. HP: 66/104 MP: 9/9
   717 | D        | Noticed a cane toad
   717 | D        | Noticed a skyshark
   717 | D        | Noticed an eight-headed hydra
   724 | D        | Noticed a seven-headed hydra
   729 | D        | Noticed a cane toad
   732 | D        | Killed a cane toad
   737 | D        | Killed a skyshark
   738 | D        | Reached skill level 15 in Fighting
   738 | D        | Reached skill level 20 in Polearms
   738 | D        | Reached skill level 15 in Armour
   747 | D        | Killed an 11-headed hydra
   758 | D        | HP: 4/106 [11-headed hydra (3)]
  1032 | D        | Killed a cane toad
  1033 | D        | Reached skill level 21 in Polearms
  1044 | D        | Killed a 15-headed hydra
  1065 | D        | Noticed an elephant
  1065 | D        | Noticed an elephant
  1065 | D        | Noticed an elephant
  1065 | D        | Noticed an elephant
  1065 | D        | Noticed an elephant
  1065 | D        | Noticed a dire elephant
  1069 | D        | Killed an elephant
  1072 | D        | Killed an elephant
  1075 | D        | Killed an elephant
  1076 | D        | Reached XP level 11. HP: 64/115 MP: 10/10
  1080 | D        | Reached skill level 22 in Polearms
  1089 | D        | Killed a dire elephant
  1354 | D        | Noticed Grum
  1363 | D        | Killed Grum
  1370 | D        | Reached skill level 23 in Polearms
  1631 | D        | Noticed an orc knight
  1645 | D        | Killed an orc knight
  1751 | D        | Found Enosuor's Magic Scroll Emporium.
  1751 | D        | Noticed an orc high priest
  1751 | D        | Noticed an orc high priest
  1752 | D        | Noticed an orc knight
  1755 | D        | Killed an orc high priest
  1757 | D        | Found Antab's Jewellery Shoppe.
  1759 | D        | Killed an orc high priest
  1760 | D        | Reached skill level 24 in Polearms
  1765 | D        | Noticed an orc knight
  1769 | D        | Noticed an orc knight
  1771 | D        | Killed an orc knight
  1772 | D        | Found Aliam's Jewellery Emporium.
  1775 | D        | Found Tukhej's Armour Shoppe.
  1781 | D        | Killed an orc knight
  1788 | D        | Killed an orc knight
  1794 | D        | Noticed an orc sorcerer
  1795 | D        | Noticed an orc knight
  1800 | D        | Killed an orc sorcerer
  1808 | D        | Killed an orc knight
  1873 | D        | Bought the amulet "Vocoiq" {Reflect rElec SH+5} for 572
                  | gold pieces
  1882 | D        | Bought a +1 hat for 110 gold pieces
  1893 | D        | Bought a scroll of vulnerability for 52 gold pieces
  1893 | D        | Bought a scroll of identify for 26 gold pieces
  1893 | D        | Bought a scroll of magic mapping for 97 gold pieces
  1893 | D        | Bought a scroll of immolation for 52 gold pieces
  1915 | D        | Bought a phial of floods for 1400 gold pieces
  1915 | D        | Bought a scratched jade ring for 175 gold pieces
  1915 | D        | Bought the +3 salamander hide armour {Flames, rFlCloud rF++
                  | rC--} for 1207 gold pieces
  1915 | D        | Found the +3 salamander hide armour {Flames, rFlCloud rF++
                  | rC--}
  1915 | D        | Bought a scroll of enchant weapon for 262 gold pieces
  1915 | D        | Bought a scroll labelled ENEITE JU TERPH for 35 gold pieces
  1915 | D        | Bought a clear potion for 31 gold pieces
  1915 | D        | Bought a pair of runed boots for 262 gold pieces
  1963 | D        | Bought a piece from Xom's chessboard (15/15) for 280 gold
                  | pieces
  1963 | D        | Bought a potion of heal wounds for 70 gold pieces
  1963 | D        | Bought a scroll of poison for 56 gold pieces
  1963 | D        | Bought a scroll of blinking for 105 gold pieces
  1963 | D        | Bought a potion of cancellation for 112 gold pieces
  2079 | D        | Noticed Eustachio
  2080 | D        | Noticed Erolcha
  2086 | D        | Killed Eustachio
  2090 | D        | Killed Erolcha
  2091 | D        | Reached skill level 25 in Polearms
  2091 | D        | Reached XP level 12. HP: 80/128 MP: 11/11
  2291 | D        | Got the +5 trident of the Lamprey {freeze, Will+}
  2349 | D        | Noticed a centaur warrior
  2349 | D        | Noticed an ogre mage
  2358 | D        | Noticed a fire giant
  2360 | D        | Killed a centaur warrior
  2374 | D        | Killed an ogre mage
  2375 | D        | Noticed an ettin
  2378 | D        | Killed a fire giant
  2378 | D        | Noticed a vampire mage
  2380 | D        | Noticed a stone giant
  2381 | D        | Noticed a fire giant
  2384 | D        | Noticed a frost giant
  2389 | D        | Reached skill level 26 in Polearms
  2393 | D        | Killed a stone giant
  2399 | D        | Killed a fire giant
  2400 | D        | Killed from afar by a frost giant

Illustrated notes

Levels and vault maps discovered:
D:        linesprint [early_d, line_temple, items_1, d_10, items_2, lair_1,
          lair_end, items_3, orc_1, orc_end, items_4, d_15, swamp_1, shoals_1,
          snake_1, spider_1, d_20, vaults_1, items_5, swamp_end, shoals_end,
          snake_end, spider_end, vaults_end, d_27, items_6, zot_1, zot_end,
          crypt_end, forest_end, elf_end, slime_end, tomb_end, abyss_end,
          pan_hell_end]

Skill      XL: |  1  2  3  4  5  6  7  8  9 10 11 12 |
---------------+-------------------------------------+-----
Polearms       | 5 7 9 12 15 16 19 21 25 26 | 26.4
Fighting       | 5 6 7 9 11 12 14 16 18 19 | 19.7
Armour         | 5 6 7 9 11 12 14 16 18 19 | 19.7
Shields        | |  3.6

Action                     |  1- 3 |  4- 6 |  7- 9 | 10-12 || total
---------------------------+-------+-------+-------+-------++-------
  Melee: Trident           |    21 |     9 |       |       ||    30
         Headbutt          |     7 |     3 |     5 |    47 ||    62
         Halberd           |       |     9 |    60 |   213 ||   282
 Invoke: Call Merchant     |       |       |       |     3 ||     3
    Use: Potion            |       |       |     3 |    10 ||    13
         Scroll            |       |       |       |     5 ||     5
   Stab: Distracted        |       |       |     1 |     5 ||     6
 Armour: Scale mail        |     4 |    10 |    17 |    27 ||    58
         Plate armour      |       |       |       |    31 ||    31
  Dodge: Dodged            |     6 |     8 |    13 |    41 ||    68
  Block: Buckler           |     5 |     3 |       |       ||     8
         Other             |       |       |       |     6 ||     6
